 Dungeon Crawl Stone Soup version 0.29-a0-330-g52719c12eb (webtiles) character file.

Game seed: 18445934040693977221

875 Crownlay the Shield-Bearer (level 7, 0/71 HPs)
             Began as a Troll Fighter on Apr 18, 2022.
             Slain by a gnoll
             ... wielding a +0 whip
              (7 damage)
             ... on level 5 of the Dungeon.
             The game lasted 00:11:48 (3118 turns).

Crownlay the Shield-Bearer (Troll Fighter)          Turns: 3118, Time: 00:11:49

Health: 0/71       AC:  5    Str: 25    XL:     7   Next: 74%
Magic:  6/6        EV:  8    Int:  6    God:
Gold:   166        SH:  8    Dex:  9    Spells: 6/6 levels left

rFire   . . .      SeeInvis .     - Unarmed
rCold   . . .      Faith    .   b - +0 kite shield
rNeg    . . .      Spirit   .   a - +0 robe
rPois   .          Reflect  .   (helmet restricted)
rElec   .          Harm     .   l - +0 cloak
rCorr   .          Rampage  .   (gloves unavailable)
Will    .....                   (boots unavailable)
Stlth   +.........              (no amulet)
HPRegen 1.01/turn               (no ring)
MPRegen 0.10/turn               (no ring)

@: no status effects
A: large, unfitting armour, claws 3, regeneration 1, shaggy fur 1, tough skin 1
a: no special abilities


You were on level 5 of the Dungeon.
You visited 1 branch of the dungeon, and saw 5 of its levels.

You collected 211 gold pieces.
You spent 45 gold pieces at shops.

Inventory:

Armour
 a - a +0 robe (worn)
 b - a +0 kite shield (worn)
 l - a +0 cloak (worn)
Jewellery
 n - a ring of wizardry
Wands
 u - a wand of digging (5)
 v - a wand of mindburst (3)
Scrolls
 c - a scroll of amnesia
 d - 4 scrolls of magic mapping
 e - a scroll of fog
 g - a scroll of torment
 h - a scroll of identify
 j - 3 scrolls of noise
 o - a scroll of immolation
 p - a scroll of enchant armour
 r - a scroll of vulnerability
 t - a scroll of brand weapon
Potions
 f - 3 potions of curing
 i - a potion of mutation {unknown}
 k - a potion of flight {unknown}
 m - a potion of invisibility {unknown}
 q - a potion of degeneration {unknown}
 s - 2 potions of resistance {unknown}
 w - a potion of lignification {unknown}


   Skills:
 + Level 4.4 Fighting
 - Level 2.4 Dodging
 * Level 5.7 Shields
 + Level 4.7 Unarmed Combat


You had 6 spell levels left.
You didn't know any spells.
Your spell library contained the following spells:

 Spells                   Type           Power      Damage    Failure   Level
 Beastly Appendage        Tmut           0%         N/A       71%         1
 Static Discharge         Conj/Air       0%         N/A       85%         2
 Wereblood                Tmut           0%         N/A       85%         2
 Spider Form              Tmut/Pois      0%         N/A       97%         3
 Dispel Undead            Necr           0%         3d6       100%        4
 Sticky Flame             Conj/Fire      0%         2d3       100%        4


Dungeon Overview and Level Annotations

Branches:
Dungeon (5/15)
 Temple: D:4-7

Altars:
Elyvilon

Shops:
D:2 [


Innate Abilities, Weirdness & Mutations

You are too large for most types of armour.
You have claws for hands.
Your natural rate of healing is unusually fast.
You are covered in fur. (AC +1)
You have tough skin. (AC +1)


Message History

There are monsters nearby!
The gnoll shaman calls upon its god to speed up the gnoll.
The gnoll seems to speed up.
The gnoll barely misses you. The gnoll shaman completely misses you.
A gnoll comes into view. It is wielding a +0 spear.
You scratch the gnoll shaman.
The gnoll shaman is lightly wounded.
You block the gnoll's attack. x2
The gnoll shaman hits you with a +0 whip!
You barely miss the gnoll shaman.
The gnoll shaman is lightly wounded.
The gnoll hits you from afar with a +0 halberd!
The gnoll shaman barely misses you.
You claw the gnoll shaman!
The gnoll shaman is heavily wounded.
The gnoll hits you from afar with a +0 halberd. x2
The gnoll shaman hits you with a +0 whip.
You claw the gnoll shaman!
You kill the gnoll shaman!
The gnoll hits you from afar with a +0 halberd!
You block the gnoll's attack. x2
The gnoll hits you from afar with a +0 spear.
Things that are here:
a +0 whip; a +0 robe You claw the gnoll!
The gnoll is severely wounded.
The gnoll hits you with a +0 halberd!
* * * LOW HITPOINT WARNING * * *
The gnoll hits you but does no damage.
You closely miss the gnoll.
The gnoll is severely wounded.
The gnoll hits you with a +0 halberd!
* * * LOW HITPOINT WARNING * * *
The gnoll barely misses you. The gnoll closely misses you.
You claw the gnoll!
You kill the gnoll!
The gnoll hits you from afar with a +0 spear.
* * * LOW HITPOINT WARNING * * *
The gnoll attacks as you move away! The gnoll hits you with a +0 whip!
You die...

###.# ....# ....
#..# ..#..#..#
#.#..#..# #
#.#..#..#####.#
#.#..#....@gg.#
#.#..#.########
#....#.....#
##...#'###.#
###........#
##+##..........#
......#.#..........
......#............
...................#


You could see 2 gnolls.

Vanquished Creatures
  Grinder (D:3)
  A centaur (D:4)
  An ogre (D:4)
  A scorpion (D:4)
  A jelly (D:4)
  Crazy Yiuf (D:2)
  A gnoll shaman (D:5)
  An iguana (D:4)
  Natasha (thrice) (D:4)
  Ijyb (D:4)
  Robin (D:3)
  9 adders
  4 gnolls
  A dart slug (D:4)
  5 orcs (D:3)
  9 endoplasms
  3 giant cockroaches
  20 goblins
  10 hobgoblins
  5 quokkas
  12 ball pythons
  8 bats
  3 frilled lizards
  4 kobolds
  4 rats
110 creatures vanquished.

Notes
Turn   | Place    | Note
-------+----------+-------------------------------------------
     0 | D:1      | Crownlay the Troll Fighter began the quest for the Orb.
     0 | D:1      | Reached XP level 1. HP: 22/22 MP: 0/0
   126 | D:1      | Reached XP level 2. HP: 29/29 MP: 1/1
   210 | D:1      | Found a faded altar of an unknown god.
   411 | D:1      | Reached skill level 3 in Shields
   413 | D:1      | Reached XP level 3. HP: 35/36 MP: 2/2
   516 | D:2      | Found Palaguge's Armour Emporium.
   571 | D:2      | Bought a +0 cloak for 45 gold pieces
  1034 | D:2      | Found a runed translucent door.
  1035 | D:2      | Noticed Crazy Yiuf
  1118 | D:2      | Killed Crazy Yiuf
  1119 | D:2      | Reached XP level 4. HP: 27/45 MP: 3/3
  1190 | D:3      | Noticed Robin
  1212 | D:3      | Killed Robin
  1333 | D:3      | Reached XP level 5. HP: 37/53 MP: 4/4
  1476 | D:3      | Reached skill level 4 in Shields
  1783 | D:3      | Noticed Grinder
  1793 | D:3      | Paralysed by Grinder for 6 turns
  1802 | D:3      | Paralysed by Grinder for 3 turns
  1807 | D:3      | Killed Grinder
  1808 | D:3      | Reached XP level 6. HP: 20/62 MP: 5/5
  2359 | D:4      | Found a white marble altar of Elyvilon.
  2366 | D:4      | Noticed Natasha
  2379 | D:4      | Killed Natasha
  2382 | D:4      | Reached skill level 5 in Shields
  2382 | D:4      | Reached XP level 7. HP: 30/70 MP: 6/6
  2581 | D:4      | Noticed Natasha
  2590 | D:4      | Killed Natasha
  2669 | D:4      | Noticed Ijyb
  2689 | D:4      | Killed Ijyb
  2766 | D:4      | Noticed Natasha
  2774 | D:4      | Killed Natasha
  3078 | D:5      | Entered Level 5 of the Dungeon
  3118 | D:5      | Slain by a gnoll

Illustrated notes

Levels and vault maps discovered:
D:1:      scummos_arrival_gate, layout_basic, nicolae_ecumenical_snake_handling,
          item_on_display_a
D:2:      layout_loops_ring, serial_shops, nicolae_shop_advertising_works
          [nicolae_subvault_shop_adworks], grunt_ministairs_2,
          uniq_crazy_yiuf_cottage
D:3:      layout_basic, minmay_diced_spiral, uniq_robin, uniq_grinder
D:4:      layout_loops_ring, elyvilon_altar_5, uniq_ijyb, uniq_natasha
D:5:      kennysheep_six_static_rooms, layout_basic, portal_sewer_entry_f,
          uniq_sigmund

Skill      XL: |  1  2  3  4  5  6 |
---------------+-------------------+-----
Shields        | 3 4 5 |  5.7
Fighting       | 3 4 |  4.4
Unarmed Combat | 3 4 |  4.7
Dodging        | |  2.4

Action                   |  1- 3 |  4- 6 |  7- 9 || total
-------------------------+-------+-------+-------++-------
Melee: Unarmed           |   106 |   137 |    49 ||   292
  Use: Potion            |       |     3 |       ||     3
       Scroll            |       |       |    10 ||    10
 Stab: Sleeping          |     1 |     1 |       ||     2
Armor: Robe              |    43 |    60 |     4 ||   107
Dodge: Dodged            |    40 |    54 |    13 ||   107
Block: Kite shield       |    42 |    66 |    17 ||   125

Table legend: (Time is in decaauts)
 A = Elapsed time spent in this place.
 B = Non-inter-level travel time spent in this place.
 C = Inter-level travel time spent in this place.
 D = Time resting spent in this place.
 E = Time spent auto-exploring this place.
 F = Levels seen in this place.
 G = Mean time per level.
                   A        B        C        D        E       F      G
               +--------+--------+--------+--------+--------+-----+--------+
         Total |   3139 |   3003 |    136 |      0 |   2319 |   5 |  627.8 |
       Dungeon |   3139 |   3003 |    136 |      0 |   2319 |   5 |  627.8 |
               +--------+--------+--------+--------+--------+-----+--------+

Top non-repeatable levels by time:
     D:3: 1059 daAuts
     D:4: 848 daAuts
     D:2: 672 daAuts
     D:1: 518 daAuts
     D:5: 40 daAuts
